SNL (28 & UNDER)
MONTGOMERY BISCUITS @ SANTA FE DIABLOS
07/30/2029
 
TOP OF THE 1ST
Montgomery Biscuits batting - Pitching for Santa Fe Diablos : RHP Josh Carson
Pitching: RHP Josh Carson
Batting: RHB Frederick Curtis 0-0: Foul Ball, location: 2F
0-1: Ball
1-1: Called Strike
1-2: SOLO HOME RUN (Flyball, 7LD), Distance : 339 ft
Batting: RHB Reinaldo Amarante 0-0: Fly out, F9 (Line Drive, 9D)
Batting: SHB Randy Anderson 0-0: Swinging Strike
0-1: Foul Ball, location: 2F
0-2: Ball
1-2: Fly out, F7 (Line Drive, 7)
Batting: RHB Lorenzo Tamayo 0-0: Ball
1-0: Ball
2-0: Called Strike
2-1: Ball
3-1: Base on Balls
Batting: SHB Marvin López 0-0: Called Strike
0-1: Ball
1-1: SINGLE (Groundball, 4D)
Lorenzo Tamayo to second
Runner from 2nd tries for 3rd, SAFE, throw made to third
Batting: RHB Bob McDonald 0-0: Called Strike
0-1: Ball
1-1: Ball
2-1: Swinging Strike
2-2: Ground out 5-3 (Groundball, 56S)
Top of the 1st over - 1 run, 2 hits, 0 errors, 2 left on base; Montgomery 1 - Santa Fe 0
BOTTOM OF THE 1ST
Santa Fe Diablos batting - Pitching for Montgomery Biscuits : RHP Brian Barker
Pitching: RHP Brian Barker
Batting: LHB David Hernández 0-0: Called Strike
0-1: Swinging Strike
0-2: Foul Ball, location: 2F
0-2: Foul Ball, location: 2F
0-2: SINGLE (Line Drive, 9LS)
Batting: RHB Chris Rice 0-0: Ball
1-0: Swinging Strike
1-1: Ball
2-1: Foul Ball, location: 2F
2-2: Strikes out swinging
Batting: LHB Arturo Rodledo 0-0: Ball
David Hernández is caught stealing 2nd base
1-0: Swinging Strike
1-1: Ball
2-1: Called Strike
2-2: Strikes out swinging
Bottom of the 1st over - 0 runs, 1 hit, 0 errors, 0 left on base; Montgomery 1 - Santa Fe 0
TOP OF THE 2ND
Montgomery Biscuits batting - Pitching for Santa Fe Diablos : RHP Josh Carson
Batting: LHB José Martínez 0-0: Foul Ball, location: 2F
0-1: Ball
1-1: Fly out, F9 (Flyball, 9S)
Batting: SHB Lawrence Farley 0-0: Swinging Strike
0-1: SINGLE (Groundball, 4S) (infield hit)
Batting: SHB Joe Pierce 0-0: Called Strike
0-1: Foul Ball, location: 2F
0-2: Strikes out swinging
Batting: RHB Frederick Curtis 0-0: Called Strike
0-1: Fly out, F7 (Line Drive, 78M)
Top of the 2nd over - 0 runs, 1 hit, 0 errors, 1 left on base; Montgomery 1 - Santa Fe 0
BOTTOM OF THE 2ND
Santa Fe Diablos batting - Pitching for Montgomery Biscuits : RHP Brian Barker
Batting: RHB Flint Todd 0-0: Called Strike
0-1: Called Strike
0-2: Foul Ball, location: 2F
0-2: SINGLE (Groundball, 4MD)
Batting: RHB Nick Vogel 0-0: Ball
Flint Todd steals 2nd base
1-0: Ball
2-0: Ball
3-0: Called Strike
3-1: Foul Ball, location: 2F
3-2: Strikes out looking
Batting: SHB Ángel Díaz 0-0: Called Strike
Flint Todd steals 3rd base
0-1: Swinging Strike
0-2: Fly out, F8 (Flyball, 8LS)
Batting: RHB Frank Martínez 0-0: Called Strike
0-1: Ball
1-1: Ball
Wild Pitch!
Flint Todd scores
2-1: Foul Ball, location: 2F
2-2: Ball
3-2: Foul Ball, location: 2F
3-2: Ground out 1-3 (Groundball, 13)
Bottom of the 2nd over - 1 run, 1 hit, 0 errors, 0 left on base; Montgomery 1 - Santa Fe 1
TOP OF THE 3RD
Montgomery Biscuits batting - Pitching for Santa Fe Diablos : RHP Josh Carson
Batting: RHB Reinaldo Amarante 0-0: Called Strike
0-1: Called Strike
0-2: Ball
1-2: Foul Ball, location: 2F
1-2: Foul Ball, location: 2F
1-2: Ball
2-2: Foul Ball, location: 2F
2-2: Strikes out swinging
Batting: SHB Randy Anderson 0-0: Ball
1-0: Fly out, F8 (Flyball, 8RXD)
Batting: RHB Lorenzo Tamayo 0-0: SINGLE (Groundball, 6MD)
Batting: SHB Marvin López 0-0: Ball
1-0: Ball
2-0: Fielders Choice at 2nd, 5-4 (Groundball, 56)
Top of the 3rd over - 0 runs, 1 hit, 0 errors, 1 left on base; Montgomery 1 - Santa Fe 1
BOTTOM OF THE 3RD
Santa Fe Diablos batting - Pitching for Montgomery Biscuits : RHP Brian Barker
Batting: RHB Eliot James 0-0: Ball
1-0: Fly out, F6 (Popup, 6M)
Batting: RHB Félix Campos 0-0: Called Strike
0-1: Foul Ball, location: 2F
0-2: Fly out, F3 (Popup, 3SF)
Batting: LHB David Hernández 0-0: Called Strike
0-1: Ball
1-1: Called Strike
1-2: Ball
2-2: Ball
3-2: Strikes out looking
Bottom of the 3rd over - 0 runs, 0 hits, 0 errors, 0 left on base; Montgomery 1 - Santa Fe 1
TOP OF THE 4TH
Montgomery Biscuits batting - Pitching for Santa Fe Diablos : RHP Josh Carson
Batting: RHB Bob McDonald 0-0: Ball
1-0: Ball
2-0: Ground out 1-3 (Groundball, 15S)
Batting: LHB José Martínez 0-0: Swinging Strike
0-1: Foul Ball, location: 2F
0-2: Ball
1-2: Hit by Pitch
Batting: SHB Lawrence Farley 0-0: Ball
1-0: Called Strike
1-1: Fly out, F9 (Line Drive, 89D)
Batting: SHB Joe Pierce 0-0: Called Strike
0-1: Ball
1-1: Foul Ball, location: 2F
1-2: Ball
2-2: Strikes out swinging
Top of the 4th over - 0 runs, 0 hits, 0 errors, 1 left on base; Montgomery 1 - Santa Fe 1
BOTTOM OF THE 4TH
Santa Fe Diablos batting - Pitching for Montgomery Biscuits : RHP Brian Barker
Batting: RHB Chris Rice 0-0: Ball
1-0: Foul Ball, location: 2F
1-1: Foul Ball, location: 2F
1-2: Foul Ball, location: 2F
1-2: Ball
2-2: Strikes out swinging
Batting: LHB Arturo Rodledo 0-0: Ball
1-0: Ball
2-0: SOLO HOME RUN (Flyball, 9LD), Distance : 340 ft
Batting: RHB Flint Todd 0-0: Swinging Strike
0-1: SINGLE (Popup, 6MS)
Batting: RHB Nick Vogel 0-0: Ball
1-0: Called Strike
Flint Todd steals 2nd base
1-1: Ball
2-1: 2-RUN HOME RUN (Flyball, 7D), Distance : 362 ft
Batting: SHB Ángel Díaz 0-0: Swinging Strike
0-1: Foul Ball, location: 2F
0-2: Ball
1-2: Foul Ball, location: 2F
1-2: Ground out 6-3 (Groundball, 6)
Batting: RHB Frank Martínez 0-0: Ball
1-0: Foul Ball, location: 2F
1-1: Foul Ball, location: 2F
1-2: Foul Ball, location: 2F
1-2: Strikes out looking
Bottom of the 4th over - 3 runs, 3 hits, 0 errors, 0 left on base; Montgomery 1 - Santa Fe 4
TOP OF THE 5TH
Montgomery Biscuits batting - Pitching for Santa Fe Diablos : RHP Josh Carson
Batting: RHB Frederick Curtis 0-0: Called Strike
0-1: Foul Ball, location: 2F
0-2: Ball
1-2: Ball
2-2: Strikes out swinging
Batting: RHB Reinaldo Amarante 0-0: Called Strike
0-1: Called Strike
0-2: Ball
1-2: Fly out, F9 (Line Drive, 9)
Batting: SHB Randy Anderson 0-0: Swinging Strike
0-1: Ball
1-1: Foul Ball, location: 2F
1-2: Ball
2-2: Strikes out looking
Top of the 5th over - 0 runs, 0 hits, 0 errors, 0 left on base; Montgomery 1 - Santa Fe 4
BOTTOM OF THE 5TH
Santa Fe Diablos batting - Pitching for Montgomery Biscuits : RHP Brian Barker
Batting: RHB Eliot James 0-0: Ball
1-0: Ball
2-0: Foul Ball, location: 2F
2-1: DOUBLE (Line Drive, 9LS)
Pitching: LHP Wilson Romero
Batting: RHB Félix Campos 0-0: Foul Ball, location: 2F
0-1: Ball
1-1: Swinging Strike
1-2: Ball
2-2: DOUBLE (Line Drive, 9LD)
Eliot James scores
Batting: LHB David Hernández 0-0: Ball
1-0: Called Strike
1-1: Swinging Strike
1-2: Ground out 4-3 (Groundball, 4)
Félix Campos to third
Batting: RHB Chris Rice 0-0: Intentional Walk
Batting: LHB Arturo Rodledo 0-0: Called Strike
0-1: Ball
1-1: Called Strike
1-2: Foul Ball, location: 2F
1-2: Ball
2-2: Ball
3-2: Ground out 1-3 (Groundball, 13)
Chris Rice to second
Batting: RHB Flint Todd 0-0: Intentional Walk
Batting: RHB Nick Vogel 0-0: Swinging Strike
0-1: Ball
1-1: Foul Ball, location: 2F
1-2: Fly out, F8 (Line Drive, 89M)
Bottom of the 5th over - 1 run, 2 hits, 0 errors, 3 left on base; Montgomery 1 - Santa Fe 5
TOP OF THE 6TH
Montgomery Biscuits batting - Pitching for Santa Fe Diablos : RHP Josh Carson
Batting: RHB Lorenzo Tamayo 0-0: Swinging Strike
0-1: Called Strike
0-2: Ball
1-2: Foul Ball, location: 2F
1-2: Strikes out looking
Batting: SHB Marvin López 0-0: Ball
1-0: Ball
2-0: Called Strike
2-1: Ball
3-1: Base on Balls
Batting: RHB Bob McDonald 0-0: Called Strike
0-1: Ball
1-1: SINGLE (Line Drive, 34)
Marvin López to second
Batting: LHB José Martínez 0-0: Ball
1-0: Called Strike
1-1: Swinging Strike
1-2: Strikes out looking
Batting: SHB Lawrence Farley 0-0: Called Strike
0-1: Ball
1-1: Called Strike
1-2: Strikes out swinging
Top of the 6th over - 0 runs, 1 hit, 0 errors, 2 left on base; Montgomery 1 - Santa Fe 5
BOTTOM OF THE 6TH
Santa Fe Diablos batting - Pitching for Montgomery Biscuits : LHP Wilson Romero
Batting: SHB Ángel Díaz 0-0: SINGLE (Flyball, 89S)
Batting: RHB Frank Martínez 0-0: Ball
1-0: Swinging Strike
1-1: DOUBLE (Flyball, 8LXD)
Ángel Díaz to third
Batting: RHB Eliot James 0-0: Ball
1-0: Ball
2-0: Ball
3-0: Called Strike
3-1: SINGLE (Groundball, 56D)
Ángel Díaz scores
Frank Martínez to third
Runner from 3rd tries for Home, SAFE, throw made home
Eliot James to second
Batting: RHB Félix Campos 0-0: Ball
1-0: Ball
2-0: Called Strike
2-1: Ground out 6-3 (Groundball, 56)
Batting: LHB David Hernández 0-0: Ball
1-0: Ball
2-0: Swinging Strike
2-1: Ball
3-1: Fly out, F8 (Flyball, 8RM)
Batting: RHB Chris Rice 0-0: Called Strike
0-1: Called Strike
0-2: Foul Ball, location: 2F
0-2: Foul Ball, location: 2F
0-2: Strikes out swinging
Bottom of the 6th over - 2 runs, 3 hits, 0 errors, 1 left on base; Montgomery 1 - Santa Fe 7
TOP OF THE 7TH
Montgomery Biscuits batting - Pitching for Santa Fe Diablos : RHP Josh Carson
Now in CF: Carl O'Dell
Batting: SHB Joe Pierce 0-0: Ball
1-0: Ball
2-0: Swinging Strike
2-1: Foul Ball, location: 2F
2-2: Ball
3-2: Foul Ball, location: 2F
3-2: Foul Ball, location: 2F
3-2: Strikes out swinging
Batting: RHB Frederick Curtis 0-0: Ball
1-0: Foul Ball, location: 2F
1-1: Ball
2-1: Swinging Strike
2-2: Foul Ball, location: 2F
2-2: Foul Ball, location: 2F
2-2: SINGLE (Groundball, 6M) (infield hit)
Pitching: RHP Tomás Marte
Batting: RHB Reinaldo Amarante 0-0: Ball
1-0: Foul Ball, location: 2F
1-1: Fly out, F9 (Flyball, 89S)
Batting: SHB Randy Anderson 0-0: Called Strike
0-1: Ball
1-1: Ball
2-1: Foul Ball, location: 2F
2-2: SINGLE (Line Drive, 8RS)
Frederick Curtis to second
Frederick Curtis to third
Batting: RHB Lorenzo Tamayo 0-0: Ball
1-0: Ball
2-0: Ball
3-0: Called Strike
3-1: Swinging Strike
3-2: Strikes out swinging
Top of the 7th over - 0 runs, 2 hits, 0 errors, 2 left on base; Montgomery 1 - Santa Fe 7
BOTTOM OF THE 7TH
Santa Fe Diablos batting - Pitching for Montgomery Biscuits : LHP Wilson Romero
Batting: LHB Arturo Rodledo 0-0: Ball
1-0: Foul Ball, location: 2F
1-1: Ball
2-1: Called Strike
2-2: Foul Ball, location: 2F
2-2: SINGLE (Line Drive, 34D)
Batting: RHB Flint Todd 0-0: Ball
1-0: Ball
2-0: Foul Ball, location: 2F
2-1: Called Strike
2-2: Foul Ball, location: 2F
2-2: Ball
3-2: Grounds into double play, 6-4-3 (Groundball, 6)
Batting: RHB Nick Vogel 0-0: Ball
1-0: Foul Ball, location: 2F
1-1: Ground out 3-1 (Groundball, 34)
Bottom of the 7th over - 0 runs, 1 hit, 0 errors, 0 left on base; Montgomery 1 - Santa Fe 7
TOP OF THE 8TH
Montgomery Biscuits batting - Pitching for Santa Fe Diablos : RHP Héctor Rodríguez
Pitching: RHP Héctor Rodríguez
Batting: SHB Marvin López 0-0: Ball
1-0: Foul Ball, location: 2F
1-1: Hit by Pitch
Batting: RHB Bob McDonald 0-0: Ball
1-0: Ball
2-0: Foul Ball, location: 2F
2-1: Ball
3-1: Fly out, F7 (Flyball, 7D)
Batting: LHB José Martínez 0-0: Ball
1-0: Ball
2-0: Called Strike
2-1: Fly out, F8 (Flyball, 8RXD)
Batting: SHB Lawrence Farley 0-0: Ball
1-0: Fielders Choice at 2nd, 6-4 (Groundball, 6)
Top of the 8th over - 0 runs, 0 hits, 0 errors, 1 left on base; Montgomery 1 - Santa Fe 7
BOTTOM OF THE 8TH
Santa Fe Diablos batting - Pitching for Montgomery Biscuits : LHP Wilson Romero
Pitching: RHP Enrique Boyd
Batting: SHB Ángel Díaz 0-0: Ball
1-0: Swinging Strike
1-1: Ball
2-1: Foul Ball, location: 2F
2-2: Ball
3-2: Foul Ball, location: 2F
3-2: Foul Ball, location: 2F
3-2: SINGLE (Line Drive, 6D)
Batting: RHB Frank Martínez 0-0: Ball
Ángel Díaz steals 2nd base
1-0: Ground out 5-3 (Groundball, 5S)
Ángel Díaz to third
Batting: RHB Eliot James 0-0: Ball
1-0: Swinging Strike
1-1: Called Strike
1-2: Ground out 1-3 (Groundball, 15S)
Batting: RHB Carl O'Dell 0-0: Called Strike
0-1: Ball
1-1: Foul Ball, location: 2F
1-2: Ball
2-2: Strikes out looking
Bottom of the 8th over - 0 runs, 1 hit, 0 errors, 1 left on base; Montgomery 1 - Santa Fe 7
TOP OF THE 9TH
Montgomery Biscuits batting - Pitching for Santa Fe Diablos : RHP Héctor Rodríguez
Batting: SHB Joe Pierce 0-0: Ball
1-0: Ball
2-0: Ball
3-0: Base on Balls
Batting: RHB Frederick Curtis 0-0: Swinging Strike
0-1: Ball
1-1: SINGLE (Groundball, 6MD)
Joe Pierce to second
Batting: RHB Reinaldo Amarante 0-0: Called Strike
0-1: Grounds into double play, 5-4-3 (Groundball, 56)
Joe Pierce to third
Batting: SHB Randy Anderson 0-0: Called Strike
0-1: Called Strike
0-2: Foul Ball, location: 2F
0-2: Ball
1-2: Foul Ball, location: 2F
1-2: Strikes out swinging
Top of the 9th over - 0 runs, 1 hit, 0 errors, 1 left on base; Montgomery 1 - Santa Fe 7
Saturday, December 16th, 2017 - OOTP Baseball 18.8 Build 76